 Dungeon Crawl Stone Soup version 0.23.0 (webtiles) character file.

Game seed: 14966367590480519126

265274 Jannitor the Warrior (level 19, -18/172 HPs)
             Began as a Black Draconian Transmuter on Feb 19, 2019.
             Was the Champion of Jiyva.
             Killed by the raging water
             ... invoked by a water nymph
              (26 damage)
             ... on level 4 of the Shoals.
             The game lasted 02:20:41 (57811 turns).

Jannitor the Warrior (Black Draconian Transmuter)  Turns: 57811, Time: 02:20:43

Health: -18/172    AC: 15    Str: 11    XL:     19   Next: 29%
Magic:  0/50       EV: 25    Int: 26    God:    Jiyva [******]
Gold:   1955       SH:  0    Dex: 17    Spells: 2/37 levels left

rFire    . . .     SeeInvis +     - Unarmed
rCold    . . .     Gourm    .   (no shield)
rNeg     . . .     Faith    .   (armour unavailable)
rPois    .         Spirit   +   h - +2 hat
rElec    +         Reflect  .   m - scarf {repulsion}
rCorr    +         Harm     .   H - +2 pair of gloves {Dex+3}
MR       +....                  r - +2 pair of boots
Stlth    +.........             F - amulet of guardian spirit
HPRegen  0.38/turn              j - ring of magical power
MPRegen  0.32/turn              E - ring "Wiecusy" {*Corrode +Blink MP+9 Str+5}

@: confused, lethally poisoned (-18 -> -18), corroded, flying, very slightly
contaminated, hasted, glowing, repel missiles, very quick
A: breathe lightning, unfitting armour, big wings, electricity resistance,
acidic bite, eyeballs 3, gelatinous body 1, cold-blooded, AC +10
}: 2/15 runes: slimy, gossamer
a: Breathe Lightning, Stop Flying, Request Jelly, Slimify, Cure Bad Mutation,
Renounce Religion, Evoke Blink


You were on level 4 of the Shoals.
You worshipped Jiyva.
Jiyva was exalted by your worship.
You were completely stuffed.

You visited 8 branches of the dungeon, and saw 42 of its levels.
You visited the Abyss 1 time.
You also visited: Gauntlet and Ice Cave.

You collected 2851 gold pieces.
You spent 896 gold pieces at shops.

Inventory:

Hand Weapons
 x - the +12 war axe "Zat Tos" {vamp, rF+ MR+}
   (You found it on level 8 of the Dungeon)

   It inflicts no extra harm, but heals its wielder when it wounds a living foe.
   It protects you from fire.
   It affects your resistance to hostile enchantments.
Missiles
 a - 504 arrows
 C - 10 throwing nets (quivered)
Armour
 h - a +2 hat (worn)
 k - a scarf of cloud immunity
 m - a scarf of repulsion (worn)
 r - a +2 pair of boots (worn)
 y - a +0 buckler of cold resistance
 H - a +2 pair of gloves of dexterity (worn)
Jewellery
 j - a ring of magical power (left hand)
 w - an uncursed ring of stealth
 E - the ring "Wiecusy" (right hand) {*Corrode +Blink MP+9 Str+5}
   (You found it on level 5 of the Pits of Slime)

   [ring of magical power]

   It affects your strength (+5).
   It affects your magic capacity (+9).
   It lets you blink.
   It may corrode you when you take damage.
 F - an amulet of guardian spirit (around neck)
 K - an uncursed ring of fire
 S - an uncursed ring of positive energy
 Y - an uncursed amulet of the acrobat
Wands
 A - a wand of scattershot (10)
 B - a wand of polymorph (24)
 I - a wand of disintegration (22)
 N - a wand of paralysis (5)
 O - a wand of flame (17)
 U - a wand of digging (7)
 W - a wand of iceblast (11)
Scrolls
 d - 16 scrolls of identify
 l - 5 scrolls of enchant armour
 n - 6 scrolls of remove curse
 t - a scroll of silence
 u - 6 scrolls of amnesia
 J - a scroll of magic mapping
 L - 3 scrolls of enchant weapon
 M - a scroll of holy word
 P - 2 scrolls of immolation
 Q - a scroll of fog
 V - a scroll of vulnerability
Potions
 b - a potion of experience {unknown}
 e - 2 potions of might
 o - 3 potions of berserk rage
 p - 4 potions of mutation
 q - 7 potions of lignification
 z - 4 potions of brilliance
 T - a potion of agility
Miscellaneous
 g - a sack of spiders
Comestibles
 c - 28 rations


   Skills:
 + Level 15.8 Fighting
 + Level 15.4 Dodging
 + Level 14.9 Unarmed Combat
 + Level 9.5 Spellcasting
 - Level 6.9 Conjurations
 - Level 5.0 Hexes
 - Level 4.3 Charms
 + Level 6.6 Summonings
 + Level 6.9 Necromancy
 - Level 11.1 Transmutations
 - Level 10.2 Poison Magic
   Level 9.9 Invocations


You had 2 spell levels left.
You knew the following spells:

 Your Spells              Type           Power        Failure   Level  Hunger
a - Beastly Appendage     Tmut           ######       1%          1    None
b - Sticks to Snakes      Tmut           ######..     1%          2    None
c - Spider Form           Tmut/Pois      ######....   1%          3    None
d - Blade Hands           Tmut           ######....   1%          5    ####...
e - Regeneration          Chrm/Necr      #####.....   1%          3    None
f - Olgreb's Toxic Radia  Pois           ######..     1%          4    #......
g - Irradiate             Conj/Tmut      ######....   3%          5    ####...
h - Summon Mana Viper     Hex/Summ       #####...     12%         5    ####...
i - Haunt                 Necr/Summ      #####.....   95%         7    #######

Your spell library contained the following spells:

 Spells                   Type           Power        Failure   Level  Hunger
 Animate Skeleton         Necr           N/A          1%          1    None
 Flame Tongue             Conj/Fire      ####.        1%          1    None
 Magic Dart               Conj           ####         1%          1    None
 Pain                     Necr           ####         1%          1    None
 Sting                    Conj/Pois      ####         1%          1    None
 Call Imp                 Summ           #####...     1%          2    None
 Passwall                 Tmut/Erth      #####...     1%          2    None
 Slow                     Hex            #####...     1%          2    None
 Song of Slaying          Chrm           #####...     1%          2    None
 Throw Flame              Conj/Fire      ####..       1%          2    None
 Shroud of Golubria       Chrm/Tloc      ###.......   3%          2    None
 Swiftness                Chrm/Air       ###.....     3%          2    None
 Sandblast                Erth           ##....       4%          1    None
 Blink                    Tloc           N/A          8%          2    None
 Dazzling Spray           Conj/Hex       #####.       1%          3    None
 Mephitic Cloud           Conj/Pois/Air  #####...     1%          3    None
 Vampiric Draining        Necr           #####.....   1%          3    None
 Alistair's Intoxication  Tmut/Pois      ######..     1%          5    ####...
 Animate Dead             Necr           N/A          2%          4    #......
 Conjure Flame            Conj/Fire      ####....     3%          3    None
 Ice Form                 Ice/Tmut       #####...     4%          4    #......
 Venom Bolt               Conj/Pois      ######....   4%          5    ####...
 Sticky Flame             Conj/Fire      ####....     12%         4    #......
 Throw Icicle             Conj/Ice       ####....     12%         4    #......
 Excruciating Wounds      Chrm/Necr      #####.....   13%         5    ####...
 Gell's Gravitas          Tloc           ##........   14%         3    None
 Lesser Beckoning         Tloc           ##........   14%         3    None
 Teleport Other           Tloc           ##......     14%         3    None
 Borgnjor's Vile Clutch   Necr/Erth      ####......   32%         5    ####...
 Fireball                 Conj/Fire      ####......   32%         5    ####...
 Airstrike                Air            ##........   43%         4    #......
 Passage of Golubria      Tloc           N/A          43%         4    #......
 Bolt of Fire             Conj/Fire      ####......   87%         6    ######.
 Orb of Destruction       Conj           #####.....   94%         7    #######
 Spellforged Servitor     Conj/Summ      #####.....   95%         7    #######
 Freezing Cloud           Conj/Ice/Air   ###.......   96%         6    ######.
 Borgnjor's Revivificati  Necr           #####.....   100%        8    #######
 Death's Door             Chrm/Necr      #####.....   100%        8    #######
 Infestation              Necr           #####.....   100%        8    #######
 Necromutation            Tmut/Necr      ######....   100%        8    #######
 Shatter                  Erth           ##........   100%        9    #######


Dungeon Overview and Level Annotations

Branches:
Dungeon (15/15)            Temple (1/1) D:6            Lair (6/6) D:10
 Shoals (4/4) Lair:4       Spider (4/4) Lair:2        Slime (5/5) Lair:6
    Orc (2/2) D:9             Elf (0/3) Orc:2        Vaults (5/5) D:13
  Crypt (0/3) Vaults:2     Depths (0/5) D:15

Altars:
Ashenzari
Cheibriados
Dithmenos
Elyvilon
Fedhas
Gozag
Hepliaklqana
Kikubaaqudgha
Makhleb
Nemelex Xobeh
Okawaru
Qazlal
Ru
Sif Muna
Trog
Uskayaw
Vehumet
Wu Jian
Xom
Yredelemnul
Zin
The Shining One
Beogh
Jiyva

Shops:
D:4 *   D:8 ?   D:9 **   D:11 *   D:14 !   Orc:2 [![(*   Shoals:3 %

Portals:
Hell: Lair:6

Annotations:
D:4 2 transporters, Enish's ghost, novice MiBe
D:10 3 runed translucent doors
Slime:4 Dissolution
Slime:5 Royal Jelly
Orc:2 2 runed translucent doors, exclusion: orange crystal statue
Vaults:1 8 runed translucent doors, Vatovie's ghost, veteran MiFi


Innate Abilities, Weirdness & Mutations

You can breathe wild blasts of lightning.
Your glossy black scales are hard. (AC +10)
You cannot fit into any form of body armour.
Your large and strong wings let you fly indefinitely.
You are resistant to electric shocks. (rElec)
You are cold-blooded and may be slowed by cold attacks.
You have acidic saliva.
Your body is covered in golden eyes which may confuse attackers. (Acc +7, SInv)
Your rubbery body absorbs attacks. (AC +1, EV +1)


Message History

2 water nymphs come into view.
A merfolk comes into view. It is wielding a +0 trident.
You feel sick.
The merfolk hits the plant with a +0 trident.
Something hits the plant!!
Unknown command.
Unknown command.
Okay, then.
Unknown command.
The faun unwields a +0 hunting sling.
The faun wields a +0 quarterstaff.
The faun completely misses you.
Unknown command.
The water nymph points at you and mumbles some strange words.
The water rises up and strikes you!
* * * LOW HITPOINT WARNING * * *
Something hits the plant but does no damage.
A faun comes into view. It is wielding a +1 spear of piercing.
The water nymph points at you and mumbles some strange words.
The water rises up and strikes you!
You die...

##≈cScc.....k#..≈≈#≈...
..≈≈HPmP...PP#PPPP#....
.....P§.§P§§§§#.≈≈.....
...P.c§§kk§§§§.......##P
....P.Pm§§..§§......PPP#
...P..PPP§§§§§§..P..PPP


..###..cPPPPPPmc.PPP# ..#..P.§##P§§§§§≈≈m≈#c≈≈ ......... .§§§≈m@mP≈≈≈.|
..PP.....P#§§P≈≈≈P≈≈.≈.. ≈≈#≈≈≈≈≈..#§.§PP..##.... ≈≈#≈≈≈≈≈≈P.§P..P..Pm PP. ≈P≈≈
....P.§≈.PP.# ## P≈#PPP≈PP≈PP≈≈ ###PPPP≈P≈PP≈≈≈ ≈≈≈≈≈≈≈≈≈≈≈≈≈ You could see a
merfolk javelineer, 2 fauns and 3 water nymphs.

Vanquished Creatures
  Arachne (Spider:2)
  5 vault wardens
  An orc warlord (Orc:2)
  2 ghost moths
  An emperor scorpion (Spider:4)
  7 ironheart preservers
  5 stone giants
  5 entropy weavers
  2 spark wasps
  A deep elf demonologist (Vaults:4)
  3 merfolk impalers
  A merfolk javelineer (Shoals:1)
  An ettin (Vaults:3)
  A fire dragon (Vaults:3)
  A rakshasa (Vaults:3)
  10 ogre magi
  An ice dragon (Vaults:2)
  Harold (D:9)
  2 yaktaur captains
  A vault guard (Vaults:2)
  A hydra (Lair:6)
  A death knight (D:12)
  4 centaur warriors
  2 satyrs (Shoals:3)
  37 two-headed ogres
  A queen ant (Spider:1)
  2 catoblepae
  3 death yaks
  A deep troll shaman (Vaults:3)
  3 merfolk aquamancers
  2 tengu warriors
  A deep troll earth mage (Vaults:1)
  An orc high priest (Orc:1)
  Nergalle (D:11)
  6 deep elf knights
  10 skeletal warriors
  A sixfirhy (Lair:6)
  A fire crab (shapeshifter) (Vaults:1)
  8 sea snakes
  13 wizards
  9 deep trolls
  A flayed ghost (Vaults:3)
  2 deep elf archers (Vaults:4)
  14 orc knights
  16 orb spiders
  A wolf spider zombie (D:14)
  An orb spider (shapeshifter) (D:15)
  29 wolf spiders
  9 ironbrand convokers
  A necromancer (D:13)
  29 ugly things
  8 manticores
  10 deep elf magi
  6 cyclopes
  11 orc sorcerers
  5 fauns
  6 merfolk sirens
  2 water nymphs
  2 stone giant skeletons (Vaults:2)
  A frost giant skeleton (Vaults:3)
  A moth of wrath (Spider:4)
  5 human skeletons
  8 vault sentinels
  2 black mambas
  12 elephants
  2 orange demons (Lair:6)
  3 gargoyles
  A smoke demon (Lair:6)
  8 spiny frogs
  3 rime drakes
  A hellion (Gauntlet)
  A torpor snail (Lair:5)
  32 yaktaurs
  An efreet (D:15)
  6 freezing wraiths
  6 komodo dragons
  2 ice devils (Lair:6)
  7 demonic crawlers
  2 ancient zymes (Abyss:2)
  11 trolls
  A red devil (Lair:6)
  32 jumping spiders
  28 merfolk
  4 wind drakes
  9 polar bears
  3 meliai (Spider:2)
  A raiju (shapeshifter) (Vaults:2)
  10 hornets
  A raiju (Lair:1)
  13 hippogriffs
  8 blink frogs
  6 slime creatures (D:12)
  4 snapping turtles
  A spriggan (D:7)
  5 wyverns
  2 ettin skeletons (Vaults:2)
  11 water elementals
  4 shadows
  7 basilisks
  28 tarantellas
  57 yaks
  A wraith (D:15)
  47 redbacks
  4 hungry ghosts
  A chaos spawn (Abyss:2)
  A human simulacrum (Vaults:3)
  A steam dragon (D:12)
  10 wargs
  6 vampire mosquitoes
  13 water moccasins
  5 hell hounds (Lair:6)
  18 soldier ants (Spider:1)
  10 porcupines
  8 sky beasts
  A phantom (D:10)
  A hornet zombie (D:10)
  13 ice beasts
  10 black bears
  41 orc warriors
  7 starcursed masses (Abyss:2)
  7 boggarts (Vaults:3)
  8 wolves
  30 ogres
  18 crocodiles
  12 centaurs
  2 elf skeletons (Vaults:2)
  17 bullfrogs
  2 big kobolds
  A wyvern zombie (D:13)
  7 scorpions
  A small abomination (Abyss:2)
  9 killer bees
  9 howler monkeys
  An electric eel (Lair:5)
  13 wights
  3 bullfrog zombies
  5 crimson imps
  A quasit (D:10)
  2 centaur zombies
  5 jellies
  45 orc wizards
  A bullfrog skeleton (D:11)
  5 centaur skeletons
  6 hounds
  16 orc priests
  4 gnoll shamans (D:7)
  2 iguanas
  30 worker ants
  2 bullfrog simulacra (D:9)
  A hound skeleton (D:8)
  A worker ant zombie (D:10)
  A howler monkey skeleton (D:5)
  5 gnolls (D:7)
  5 adders
  3 shadow imps
  5 white imps
  A worker ant simulacrum (D:9)
  2 ufetubi (D:9)
  An ooze (D:2)
  An adder skeleton (D:6)
  5 worms
  2 dart slugs
  4 leopard geckos
  100 orcs
  3 giant cockroaches
  2 goblins (D:3)
  8 hobgoblins
  13 jackals
  7 kobolds
  3 quokkas
  2 ball pythons
  4 bats
  10 frilled lizards
  A jackal skeleton (D:4)
  A quokka simulacrum (D:9)
  A quokka skeleton (D:6)
  5 rats
  A fungus (Lair:4)
1323 creatures vanquished.

Vanquished Creatures (collateral kills)
  Boris (Vaults:2)
  Jory (Vaults:2)
  A death knight (Vaults:3)
  Erica (D:8)
  An alligator snapping turtle (Shoals:2)
  A deep elf knight (Vaults:4)
  An ironbrand convoker (Vaults:2)
  A wolf spider (Vaults:4)
  2 manticores
  A deep elf mage (Vaults:4)
  A merfolk siren (Lair:4)
  A komodo dragon (Lair:2)
  A yaktaur skeleton (Vaults:2)
  A merfolk (Shoals:3)
  A blink frog (Lair:1)
  A snapping turtle (Shoals:3)
  A wyvern (D:8)
  An orc warrior (D:9)
  A phantom (D:4)
  2 ogres (D:7)
  A killer bee (D:8)
  An orc priest (D:8)
  An orc wizard (D:4)
  2 gnolls (D:7)
  3 orcs
  2 kobolds
32 creatures vanquished.

Vanquished Creatures (others)
  2 acid blobs
  5 azure jellies
  A great orb of eyes (Vaults:1)
  2 ironheart preservers
  A fire dragon (D:14)
  An ogre mage (Vaults:2)
  A yaktaur captain (Vaults:1)
  A rakshasa (Vaults:1)
  2 two-headed ogres
  2 deep trolls (Vaults:1)
  An unseen horror (D:15)
  An orc knight (Vaults:1)
  A deep elf archer (D:14)
  A necromancer (Vaults:3)
  2 wolf spiders
  8 ugly things
  A deep elf mage (D:14)
  A frost giant zombie (Vaults:3)
  An orc sorcerer (Orc:2)
  5 fauns
  A cyclops (Vaults:2)
  A merfolk siren (Shoals:3)
  A black mamba (shapeshifter) (D:10)
  2 vault sentinels
  A centaur zombie (D:14)
  An orc skeleton (Vaults:2)
  3 demonic crawlers
  5 yaktaurs
  A tengu conjurer (D:13)
  A jumping spider (Spider:4)
  2 hornets
  A dream sheep (shapeshifter) (Vaults:2)
  29 slime creatures
  4 redbacks
  2 tarantellas
  A wraith (Vaults:1)
  2 yaks
  A human (shapeshifter) (D:10)
  A yaktaur simulacrum (Vaults:1)
  3 wargs
  A deep troll skeleton (Vaults:2)
  A floating eye (shapeshifter) (Vaults:2)
  An eye of draining (shapeshifter) (D:14)
  4 boggarts
  4 ogres
  3 centaurs
  A killer bee (D:8)
  2 howler monkeys (D:14)
  219 jellies
  2 orc priests
  6 orc wizards (Orc:2)
  15 orcs
  25 fungi
  56 plants
443 creatures vanquished.

Grand Total: 1798 creatures vanquished

Notes
Turn   | Place    | Note
-------+----------+-------------------------------------------
     0 | D:1      | Jannitor the Draconian Transmuter began the quest for the
                  | Orb.
     0 | D:1      | Reached XP level 1. HP: 16/16 MP: 3/3
   432 | D:1      | Reached XP level 2. HP: 23/23 MP: 5/5
   812 | D:2      | Learned a level 2 spell: Sticks to Snakes
   831 | D:2      | Reached XP level 3. HP: 29/29 MP: 6/6
   860 | D:2      | Found a stormy altar of Qazlal.
  1763 | D:2      | Found a hide-covered altar of Uskayaw.
  1777 | D:2      | Found a basalt altar of Yredelemnul.
  1777 | D:2      | Found a bloodstained altar of Trog.
  1871 | D:2      | Found a radiant altar of Vehumet.
  1871 | D:2      | Found an ancient bone altar of Kikubaaqudgha.
  1953 | D:3      | Found a burning altar of Makhleb.
  2068 | D:3      | Noticed a bullfrog
  2077 | D:3      | Killed a bullfrog
  2077 | D:3      | Reached XP level 4. HP: 18/37 MP: 3/7
  2239 | D:3      | Learned a level 3 spell: Spider Form
  2273 | D:3      | Reached XP level 5. HP: 41/42 MP: 3/9
  3256 | D:4      | Noticed a water moccasin
  3257 | D:4      | Noticed Enish's ghost (novice MiBe)
  3443 | D:4      | Found a transporter.
  3644 | D:4      | Noticed a phantom
  3723 | D:4      | Killed a phantom
  3723 | D:4      | Reached XP level 6. HP: 25/51 MP: 1/10
  4067 | D:4      | Found a transporter.
  4733 | D:4      | Found Vidoty's General Store.
  4736 | D:4      | Bought a scroll of blinking for 82 gold pieces
  4736 | D:4      | Bought a potion of curing for 33 gold pieces
  4736 | D:4      | Bought a scroll of teleportation for 33 gold pieces
  4967 | D:5      | Entered Level 5 of the Dungeon
  5034 | D:5      | Your scales start taking on a glossy black colour.
  5034 | D:5      | Reached XP level 7. HP: 38/58 MP: 12/12
  5034 | D:5      | Gained mutation: You are resistant to electric shocks.
                  | (rElec) [Black Draconian growth]
  5574 | D:5      | Found a white marble altar of Elyvilon.
  5815 | D:5      | Became a worshipper of Elyvilon the Healer
  6211 | D:5      | Reached skill level 5 in Unarmed Combat
  6222 | D:5      | Reached XP level 8. HP: 29/67 MP: 14/14
  6577 | D:6      | Found a staircase to the Ecumenical Temple.
  6607 | Temple   | Entered the Ecumenical Temple
  7429 | D:6      | Reached * piety under Elyvilon
  7609 | D:7      | Reached skill level 5 in Fighting
  7640 | D:7      | Reached skill level 5 in Transmutations
  8057 | D:7      | Reached skill level 5 in Spellcasting
  8057 | D:7      | Reached skill level 5 in Dodging
  8240 | D:7      | Reached XP level 9. HP: 33/75 MP: 16/16
  9171 | D:7      | Reached skill level 1 in Invocations
  9479 | D:7      | Identified the +1 ring mail "Xoakehacoe" {Str+5}
 10049 | D:7      | Found a sacrificial altar of Ru.
 10231 | D:8      | Reached ** piety under Elyvilon
 11095 | D:8      | Got an ivory war axe
 11096 | D:8      | Identified the +12 war axe "Zat Tos" {vamp, rF+ MR+} (You
                  | found it on level 8 of the Dungeon)
 11159 | D:8      | Found Jymam's Magic Scroll Shoppe.
 11510 | D:8      | Noticed Erica
 11521 | D:8      | Killed Erica
 11778 | D:8      | Reached XP level 10. HP: 64/84 MP: 11/19
 12606 | D:9      | Found a staircase to the Orcish Mines.
 13153 | D:8      | Learned a level 5 spell: Blade Hands
 13417 | D:9      | Found Jinurrai's General Store.
 13969 | D:9      | Found an opulent altar of Gozag.
 13969 | D:9      | Found Gozag's Platinum Reserve.
 13998 | D:9      | Noticed Harold
 14156 | D:9      | Killed Harold
 14565 | D:9      | Found a shadowy altar of Dithmenos.
 14704 | D:10     | Entered Level 10 of the Dungeon
 14758 | D:10     | Reached skill level 5 in Invocations
 14921 | D:10     | Found a staircase to the Lair.
 15159 | D:10     | Reached XP level 11. HP: 94/94 MP: 16/21
 15616 | D:10     | Noticed a two-headed ogre
 16379 | D:10     | Found a runed translucent gate.
 16379 | D:10     | Found a runed translucent gate.
 16379 | D:10     | Found a runed translucent gate.
 16380 | D:10     | Noticed a red very ugly thing
 16380 | D:10     | Noticed a cyan ugly thing
 16380 | D:10     | Noticed a white ugly thing
 16381 | D:10     | Noticed a purple ugly thing
 16381 | D:10     | Noticed a green ugly thing
 16458 | D:10     | Reached *** piety under Elyvilon
 16684 | D:10     | Killed a two-headed ogre
 16937 | Lair:1   | Entered Level 1 of the Lair of Beasts
 18720 | D:11     | Found Fukh's Mass Market.
 18996 | D:11     | Noticed Nergalle
 18997 | D:11     | Noticed a spectral orc warlord
 19003 | D:11     | Killed Nergalle
 19003 | D:11     | Reached XP level 12. HP: 56/104 MP: 19/22
 19390 | D:11     | Reached **** piety under Elyvilon
 20495 | D:12     | Noticed a death knight
 20937 | Lair:1   | Noticed Sonja
 20943 | Lair:1   | Noticed Sonja
 20943 | Lair:1   | Sonja changed into Sonja the raiju
 20951 | Lair:1   | Killed Sonja the raiju
 20980 | Lair:1   | Reached ***** piety under Elyvilon
 21491 | Lair:2   | Reached skill level 10 in Fighting
 21496 | Lair:2   | Found a gate leading to a gauntlet.
 21504 | Gauntlet | Entered a Gauntlet
 21504 | Gauntlet | Found a transporter.
 21514 | Gauntlet | Found a transporter.
 21529 | Gauntlet | Found a transporter.
 21531 | Gauntlet | Found a large runed translucent door.
 21531 | Gauntlet | Found a large runed translucent door.
 21532 | Gauntlet | Found a large runed translucent door.
 21532 | Gauntlet | Found a large runed translucent door.
 21533 | Gauntlet | Found a large runed translucent door.
 21533 | Gauntlet | Found a large runed translucent door.
 21533 | Gauntlet | Found a runed translucent door.
 21533 | Gauntlet | Found a runed translucent door.
 21533 | Gauntlet | Found a large runed translucent door.
 21534 | Gauntlet | Found a transporter.
 21549 | Gauntlet | Found a transporter.
 21564 | Gauntlet | Found a large runed translucent door.
 21565 | Gauntlet | Found a large runed translucent door.
 21566 | Gauntlet | Found a large runed translucent door.
 21566 | Gauntlet | Found a large runed translucent door.
 21567 | Gauntlet | Found a runed translucent gate.
 21568 | Gauntlet | Found a transporter.
 21568 | Gauntlet | Found a runed translucent gate.
 21569 | Gauntlet | Found a runed translucent gate.
 21570 | Gauntlet | Found a large runed translucent door.
 21570 | Gauntlet | Found a large runed translucent door.
 21571 | Gauntlet | Found a large runed translucent door.
 21572 | Gauntlet | Found a large runed translucent door.
 21580 | Gauntlet | Found a transporter.
 21592 | Gauntlet | Found a transporter.
 21597 | Gauntlet | Found a transporter.
 21597 | Gauntlet | Found a transporter.
 21601 | Gauntlet | Found a transporter.
 21602 | Gauntlet | Noticed a catoblepas
 21633 | Gauntlet | Found a transporter.
 21645 | Gauntlet | Found a transporter.
 21662 | Gauntlet | Found a transporter.
 21680 | Gauntlet | Found a transporter.
 21682 | Gauntlet | Found a transporter.
 21709 | Gauntlet | Found a transporter.
 21729 | Gauntlet | Found a transporter.
 21814 | Gauntlet | Found a large runed translucent door.
 22015 | Gauntlet | Reached skill level 10 in Dodging
 22057 | Gauntlet | Identified the Almanac of the Volcanoes and Poison
 22080 | Gauntlet | Identified the +11 glaive "Globulus" {antimagic, *Corrode
                  | Str+5 SInv}
 22080 | Gauntlet | Noticed a minotaur
 22083 | Gauntlet | Pacified a minotaur
 22094 | Gauntlet | Identified the Reference Book on Confrontation
 22111 | Gauntlet | Identified the Papyrus of Enhancements
 22327 | Lair:2   | Found a hole to the Spider Nest.
 22689 | Lair:2   | Noticed a four-headed hydra
 22691 | Lair:2   | Pacified a four-headed hydra
 22877 | Lair:3   | Noticed a catoblepas
 23314 | Lair:2   | Reached XP level 13. HP: 58/114 MP: 17/23
 23861 | Lair:2   | Reached skill level 10 in Unarmed Combat
 24803 | Lair:4   | Found a frozen archway.
 24842 | IceCv    | Entered an ice cave
 24908 | Lair:4   | Found a staircase to the Shoals.
 24981 | Lair:4   | Reached skill level 10 in Transmutations
 26558 | Lair:6   | Entered Level 6 of the Lair of Beasts
 27508 | Lair:6   | Gained mutation: Your large and strong wings let you fly
                  | indefinitely. [Black Draconian growth]
 27508 | Lair:6   | Reached XP level 14. HP: 80/124 MP: 23/24
 28004 | Lair:6   | Found a burning altar of Makhleb.
 28342 | Lair:6   | Found a viscous altar of Jiyva.
 28343 | Lair:6   | Found a staircase to the Slime Pits.
 28386 | Lair:6   | Fell from the grace of Elyvilon
 28386 | Lair:6   | Became a worshipper of Jiyva Jyipne the Shapeless
 28997 | Orc:1    | Entered Level 1 of the Orcish Mines
 28999 | Orc:1    | Found a roughly hewn altar of Beogh.
 29203 | Orc:1    | Reached * piety under Jiyva
 29366 | Orc:2    | Entered Level 2 of the Orcish Mines
 29405 | Orc:1    | Reached ** piety under Jiyva
 29743 | Orc:2    | Reached *** piety under Jiyva
 29744 | Orc:2    | Found Xupuakhau's Antique Armour Boutique.
 29748 | Orc:2    | Gained mutation: You have a small jelly attached to you
                  | that may absorb incoming projectiles. [Jiyva's grace]
 29807 | Orc:2    | Reached **** piety under Jiyva
 29816 | Orc:2    | Found a staircase to the Elven Halls.
 29936 | Orc:2    | Gained mutation: Your natural rate of healing is unusually
                  | fast. [Jiyva's grace]
 30042 | Orc:2    | Reached ***** piety under Jiyva
 30055 | Orc:2    | Found Qagoesurei's Armour Emporium.
 30055 | Orc:2    | Found Waunk's Distillery.
 30062 | Orc:2    | Gained mutation: You expend magic power (3 MP) to
                  | strengthen your wands. [Jiyva's grace]
 30068 | Orc:2    | Found a roughly hewn altar of Beogh.
 30076 | Orc:2    | Gained mutation: You have acidic saliva. [Jiyva's grace]
 30104 | Orc:2    | Bought 2 potions of haste for 320 gold pieces
 30104 | Orc:2    | Bought a potion of might for 64 gold pieces
 30104 | Orc:2    | Bought a potion of cancellation for 128 gold pieces
 30104 | Orc:2    | Bought a potion of heal wounds for 80 gold pieces
 30164 | Orc:2    | Found a runed translucent door.
 30175 | Orc:2    | Found the +10 large shield of Ignorance {rN+ Int-4}
 30180 | Orc:2    | Found a runed translucent door.
 30282 | Orc:2    | Lost mutation: You expend magic power (3 MP) to strengthen
                  | your wands. [Jiyva's grace]
 30299 | Orc:2    | Paralysed by an orc sorcerer for 5 turns
 30300 | Orc:2    | Reached ****** piety under Jiyva
 30381 | Orc:2    | Gained mutation: You expend magic power (3 MP) to
                  | strengthen your wands. [Jiyva's grace]
 30541 | Orc:2    | Found Xoirchyvi's Weapon Emporium.
 30541 | Orc:2    | Found Jiplarcha's General Store.
 30577 | Orc:2    | Lost mutation: You expend magic power (3 MP) to strengthen
                  | your wands. [Jiyva's grace]
 30790 | Orc:2    | Learned a level 3 spell: Regeneration
 30795 | Orc:2    | Learned a level 4 spell: Olgreb's Toxic Radiance
 30856 | Orc:1    | Noticed an orc warlord
 31079 | Orc:2    | Killed an orc warlord
 31368 | Orc:2    | Paralysed by an orc sorcerer for 4 turns
 31377 | Orc:2    | Gained mutation: Your mind is acute. (Int +2) [Jiyva's
                  | grace]
 31819 | D:12     | Reached skill level 1 in Necromancy
 31841 | D:11     | Reached skill level 1 in Charms
 31841 | D:11     | Reached skill level 1 in Poison Magic
 32313 | D:13     | Lost mutation: Your mind is acute. (Int +2) [Jiyva's grace]
 33032 | D:13     | Found a gate to the Vaults.
 33246 | D:13     | Gained mutation: Your flesh is heat resistant. (rF+)
                  | [Jiyva's grace]
 33868 | Lair:6   | Found a gateway to Hell.
 33875 | Lair:6   | Identified Sif Muna's Handbook of Flying Toxins
 34241 | Slime:1  | Entered Level 1 of the Pits of Slime
 34244 | Slime:1  | Noticed an azure jelly
 34279 | Slime:3  | Noticed an azure jelly
 34280 | Slime:3  | Noticed an acid blob
 34288 | Slime:4  | Noticed Dissolution
 34300 | Slime:4  | Noticed an acid blob
 34305 | Slime:5  | Entered Level 5 of the Pits of Slime
 34308 | Slime:5  | Lost mutation: Your natural rate of healing is unusually
                  | fast. [Jiyva's grace]
 34312 | Slime:5  | Lost mutation: You have a small jelly attached to you that
                  | may absorb incoming projectiles. [Jiyva's grace]
 34314 | Slime:5  | Noticed an azure jelly
 34316 | Slime:5  | Lost mutation: Your flesh is heat resistant. (rF+) [Jiyva's
                  | grace]
 34322 | Slime:5  | Gained mutation: Your mind is acute. (Int +2) [Jiyva's
                  | grace]
 34328 | Slime:5  | Noticed an acid blob
 34330 | Slime:5  | Found a viscous altar of Jiyva.
 34330 | Slime:5  | Noticed the Royal Jelly
 34331 | Slime:5  | Noticed an acid blob
 34332 | Slime:5  | Noticed an acid blob
 34333 | Slime:5  | Noticed an acid blob
 34333 | Slime:5  | Noticed an acid blob
 34338 | Slime:5  | Noticed an acid blob
 34349 | Slime:5  | Got a coiled iron ring
 34351 | Slime:5  | Got a slimy rune of Zot
 34385 | Slime:5  | Noticed an acid blob
 34396 | Slime:5  | Noticed an acid blob
 34457 | Slime:5  | Noticed an acid blob
 34624 | Slime:1  | Noticed an acid blob
 34945 | D:14     | Reached XP level 15. HP: 94/134 MP: 20/25
 35675 | D:14     | Gained mutation: You have a small jelly attached to you
                  | that may absorb incoming projectiles. [Jiyva's grace]
 35690 | D:14     | Reached skill level 5 in Poison Magic
 35739 | D:14     | Lost mutation: Your mind is acute. (Int +2) [Jiyva's grace]
 35842 | D:14     | Identified the +0 robe of Unambiguity {rElec rPois rC+
                  | Slay+3}
 35844 | D:14     | Found Xaitt's Distillery.
 35868 | D:14     | Noticed an azure jelly
 35868 | D:14     | a four-headed hydra changed into an azure jelly
 35870 | D:14     | Gained mutation: You have a pair of small horns on your
                  | head. [Jiyva's grace]
 35931 | D:14     | Killed an azure jelly
 36021 | D:14     | Noticed an acid blob
 36021 | D:14     | an ettin changed into an acid blob
 36043 | D:14     | Identified the Almanac of the Known World
 36043 | D:14     | Identified the Handbook of the Flamy Rocks
 36051 | D:14     | Learned a level 5 spell: Irradiate
 36060 | D:14     | Gained mutation: Scrolls take you a little longer to read.
                  | [Jiyva's grace]
 36192 | D:14     | Gained mutation: Your body has grown golden eyes which may
                  | confuse attackers. (Acc +3) [Jiyva's grace]
 36228 | D:14     | You are sucked into a shaft!
 36228 | D:15     | Entered Level 15 of the Dungeon
 36456 | D:15     | Found a white marble altar of Elyvilon.
 36571 | D:15     | Found a staircase to the Depths.
 36609 | D:15     | Gained mutation: Your muscles are strong. (Str +2) [Jiyva's
                  | grace]
 36734 | D:15     | Noticed an azure jelly
 36734 | D:15     | an ettin changed into an azure jelly
 36750 | D:15     | Gained mutation: Your system is resistant to poisons.
                  | (rPois) [Jiyva's grace]
 37205 | Spider:1 | Entered Level 1 of the Spider Nest
 37224 | Spider:1 | Gained mutation: You passively map a small area around you.
                  | [Jiyva's grace]
 37666 | Spider:1 | Noticed an azure jelly
 37666 | Spider:1 | an emperor scorpion changed into an azure jelly
 38594 | Spider:2 | Identified the ring "Wiecusy" {*Corrode +Blink MP+9 Str+5}
                  | (You found it on level 5 of the Pits of Slime)
 38658 | Spider:2 | Reached XP level 16. HP: 111/144 MP: 25/26
 38915 | Spider:2 | Gained mutation: You have a small jelly attached to you
                  | that senses nearby items. [Jiyva's grace]
 39466 | Spider:3 | Noticed Arachne
 39858 | Spider:2 | Killed Arachne
 39864 | Spider:2 | Gained mutation: You are resistant to hostile enchantments.
                  | (MR+) [Jiyva's grace]
 40150 | Spider:3 | HP: 3/144 [redback (7)]
 40931 | Spider:4 | Entered Level 4 of the Spider Nest
 40935 | Spider:4 | Noticed Agnes
 40944 | Spider:3 | Slimified Agnes
 40944 | Spider:3 | Noticed Agnes
 40944 | Spider:3 | Agnes changed into Agnes the acid blob
 41077 | Spider:4 | Reached skill level 1 in Conjurations
 41167 | Spider:4 | Lost mutation: Scrolls take you a little longer to read.
                  | [Jiyva's grace]
 41255 | Spider:4 | Reached skill level 10 in Poison Magic
 41300 | Spider:4 | Gained mutation: Your tail ends in a poisonous barb.
                  | [Jiyva's grace]
 41312 | Spider:4 | Noticed Asterion
 41324 | Spider:4 | Slimified Asterion
 41324 | Spider:4 | Noticed Asterion
 41324 | Spider:4 | Asterion changed into Asterion the azure jelly
 41889 | Spider:4 | Lost mutation: You have a pair of small horns on your head.
                  | [Jiyva's grace]
 42263 | Spider:4 | Killed Asterion the azure jelly
 42616 | Spider:4 | Gained mutation: You passively map the area around you.
                  | [Jiyva's grace]
 42662 | Spider:4 | Noticed an acid blob
 42714 | Spider:4 | Got a gossamer rune of Zot
 43806 | Spider:4 | Paralysed by a hornet for 2 turns
 43829 | Spider:4 | Lost mutation: Your system is resistant to poisons. (rPois)
                  | [Jiyva's grace]
 44718 | Vaults:1 | Entered Level 1 of the Vaults
 44718 | Vaults:1 | Found a large runed translucent door.
 44718 | Vaults:1 | Found a large runed translucent door.
 44718 | Vaults:1 | Found a large runed translucent door.
 44718 | Vaults:1 | Found a large runed translucent door.
 44718 | Vaults:1 | Noticed Vatovie's ghost (veteran MiFi)
 44719 | Vaults:1 | Found a large runed translucent door.
 44719 | Vaults:1 | Found a large runed translucent door.
 44719 | Vaults:1 | Found a large runed translucent door.
 44719 | Vaults:1 | Found a large runed translucent door.
 44747 | Vaults:1 | Gained mutation: Your muscles are very strong. (Str +4)
                  | [Jiyva's grace]
 44799 | Vaults:1 | Gained mutation: Your body has grown many golden eyes which
                  | may confuse attackers. (Acc +5) [Jiyva's grace]
 44932 | Vaults:1 | Reached XP level 17. HP: 131/152 MP: 29/29
 45077 | Vaults:1 | Gained mutation: Your tail ends in a sharp poisonous barb.
                  | [Jiyva's grace]
 45307 | Vaults:1 | Gained mutation: Your flesh is heat resistant. (rF+)
                  | [Jiyva's grace]
 45345 | Vaults:1 | Noticed an acid blob
 45345 | Vaults:1 | a stone giant changed into an acid blob
 45349 | Vaults:1 | Killed an acid blob
 45369 | Vaults:1 | Noticed an acid blob
 45369 | Vaults:1 | a yaktaur captain changed into an acid blob
 45406 | Vaults:1 | Gained mutation: You can translocate small distances at
                  | will. [Jiyva's grace]
 45669 | Vaults:1 | Gained mutation: Your tail ends in a wickedly sharp and
                  | poisonous barb. [Jiyva's grace]
 45719 | Vaults:1 | Reached skill level 5 in Conjurations
 46227 | D:11     | Lost mutation: You are resistant to hostile enchantments.
                  | (MR+) [Jiyva's grace]
 46276 | D:9      | Bought a scroll of teleportation for 45 gold pieces
 46327 | D:8      | Bought a scroll of teleportation for 36 gold pieces
 46327 | D:8      | Bought a scroll of teleportation for 36 gold pieces
 46441 | Orc:2    | Bought a scroll of teleportation for 39 gold pieces
 46551 | D:11     | Lost mutation: You can translocate small distances at will.
                  | [Jiyva's grace]
 46848 | Vaults:1 | Learned a level 5 spell: Summon Mana Viper
 47036 | Vaults:2 | Lost mutation: Your muscles are very strong. (Str +4)
                  | [Jiyva's grace]
 47049 | Vaults:2 | Gained mutation: Armour fits poorly on your pseudopods.
                  | [Jiyva's grace]
 47195 | Vaults:2 | Reached skill level 1 in Summonings
 47216 | Vaults:2 | Noticed Saint Roka
 47241 | Vaults:2 | Reached skill level 1 in Hexes
 47550 | Vaults:2 | Lost mutation: You passively map the area around you.
                  | [Jiyva's grace]
 47575 | Vaults:2 | Lost mutation: You passively map a small area around you.
                  | [Jiyva's grace]
 47611 | Vaults:2 | Noticed Jory
 47625 | Vaults:2 | Killed Jory
 47760 | Vaults:2 | Noticed Boris
 47939 | Vaults:2 | Gained mutation: You have a pair of small horns on your
                  | head. [Jiyva's grace]
 48064 | Vaults:2 | Killed Boris
 48566 | Vaults:2 | Gained mutation: Your system is resistant to poisons.
                  | (rPois) [Jiyva's grace]
 49079 | Vaults:2 | Reached skill level 15 in Fighting
 49098 | Vaults:2 | Found a staircase to the Crypt.
 49297 | Vaults:2 | Lost mutation: Your flesh is heat resistant. (rF+) [Jiyva's
                  | grace]
 49423 | Vaults:3 | Reached XP level 18. HP: 163/163 MP: 30/30
 49686 | Vaults:3 | Cast into level 2 of the Abyss (a wizard)
 49686 | Abyss:2  | Found a corrupted altar of Lugonu.
 49848 | Vaults:3 | Escaped the Abyss
 50618 | Vaults:3 | Reached skill level 5 in Necromancy
 50971 | Vaults:3 | Lost mutation: Your tail ends in a wickedly sharp and
                  | poisonous barb. [Jiyva's grace]
 51007 | Vaults:3 | Lost mutation: You have a small jelly attached to you that
                  | senses nearby items. [Jiyva's grace]
 51060 | Vaults:3 | Lost mutation: Your muscles are strong. (Str +2) [Jiyva's
                  | grace]
 51186 | Vaults:3 | Lost mutation: Armour fits poorly on your pseudopods.
                  | [Jiyva's grace]
 51263 | Vaults:3 | Gained mutation: Your mind is acute. (Int +2) [Jiyva's
                  | grace]
 51341 | Vaults:3 | Reached skill level 5 in Summonings
 51390 | Vaults:3 | Lost mutation: Your system is resistant to poisons. (rPois)
                  | [Jiyva's grace]
 51863 | Vaults:3 | Lost mutation: Your tail ends in a sharp poisonous barb.
                  | [Jiyva's grace]
 51948 | Vaults:3 | Lost mutation: You have a small jelly attached to you that
                  | may absorb incoming projectiles. [Jiyva's grace]
 52049 | Vaults:3 | Gained mutation: Your rubbery body absorbs attacks. (AC +1,
                  | EV +1) [Jiyva's grace]
 52111 | Vaults:4 | Reached skill level 15 in Dodging
 53023 | Vaults:4 | Lost mutation: Your tail ends in a poisonous barb. [Jiyva's
                  | grace]
 53074 | Vaults:4 | Gained mutation: You are covered in slimy tendrils that may
                  | disarm your opponents. [Jiyva's grace]
 53191 | Vaults:4 | Gained mutation: Your body is covered in golden eyes which
                  | may confuse attackers. (Acc +7, SInv) [Jiyva's grace]
 53196 | Vaults:4 | Lost mutation: Your mind is acute. (Int +2) [Jiyva's grace]
 53259 | Vaults:4 | Slimified Saint Roka
 53259 | Vaults:4 | Noticed Saint Roka
 53259 | Vaults:4 | Saint Roka changed into Saint Roka the acid blob
 53354 | Vaults:4 | Gained mutation: You have a pair of horns on your head.
                  | [Jiyva's grace]
 53659 | Vaults:4 | Reached skill level 5 in Hexes
 53855 | Vaults:4 | Lost mutation: You have a pair of horns on your head.
                  | [Jiyva's grace]
 53966 | Vaults:4 | Learned a level 7 spell: Haunt
 54048 | Vaults:5 | Entered Level 5 of the Vaults
 54333 | Shoals:1 | Entered Level 1 of the Shoals
 54589 | Shoals:1 | Gained mutation: You have large cloven feet. [Jiyva's
                  | grace]
 54857 | Shoals:1 | Reached XP level 19. HP: 169/170 MP: 32/32
 55309 | Shoals:2 | Lost mutation: You have large cloven feet. [Jiyva's grace]
 55602 | Shoals:2 | Lost mutation: You are covered in slimy tendrils that may
                  | disarm your opponents. [Jiyva's grace]
 56719 | Shoals:3 | Found Nokamun's Food Emporium.
 56821 | Shoals:3 | Gained mutation: You evolve. [Jiyva's grace]
 56838 | Shoals:3 | Lost mutation: You evolve. [Jiyva's grace]
 56983 | Shoals:3 | Lost mutation: You have a pair of small horns on your head.
                  | [Jiyva's grace]
 57303 | Shoals:3 | Noticed Polyphemus
 57310 | Shoals:3 | Slimified Polyphemus
 57310 | Shoals:3 | Noticed Polyphemus
 57310 | Shoals:3 | Polyphemus changed into Polyphemus the slime creature
 57712 | Shoals:4 | Entered Level 4 of the Shoals
 57800 | Shoals:4 | HP: 8/172 [plant collision (10)]
 57804 | Shoals:4 | Identified a scroll of acquirement
 57804 | Shoals:4 | HP: 3/172 [wind drake/the air (4)]
 57811 | Shoals:4 | HP: 8/172 [water nymph/the raging water (13)]
 57811 | Shoals:4 | Killed from afar by a water nymph

Skill      XL: |  1  2  3  4  5  6  7  8  9 10 11 12 13 14 15 16 17 18 19 |
---------------+----------------------------------------------------------+-----
Dodging        | 2 3 4 5 6 8 10 11 12 13 14 15 | 15.4
Fighting       | 2 3 4 5 6 8 9 10 11 12 13 14 15 | 15.8
Transmutations | 3 4 5 6 7 8 9 10 11 | 11.1
Spellcasting   | 3 4 5 6 7 8 9 |  9.5
Unarmed Combat | 4 5 6 7 9 10 11 12 13 14 | 14.9
Invocations    | 3 5 6 8 9 |  9.9
Necromancy     | 2 4 6 |  6.9
Charms         | 2 4 |  4.3
Poison Magic   | 4 8 10 | 10.2
Conjurations   | 4 6 |  6.9
Summonings     | 3 5 6 |  6.6
Hexes          | 3 5 |  5.0

Action                   |  1- 3 |  4- 6 |  7- 9 | 10-12 | 13-15 | 16-18 | 19-21 || total
-------------------------+-------+-------+-------+-------+-------+-------+-------++-------
Melee: Unarmed           |    72 |       |       |   756 |  1318 |  1474 |   269 ||  3889
       Tailslap          |     8 |    11 |    35 |    99 |   182 |   202 |    44 ||   581
       Kick              |     3 |     3 |       |       |       |       |       ||     6
       Punch             |     2 |     2 |     4 |    24 |    46 |    95 |    21 ||   194
       Whip              |    28 |   129 |   378 |    21 |       |       |       ||   556
       Headbutt          |       |     1 |     1 |     1 |    60 |   184 |    32 ||   279
       Bite              |       |       |       |       |    86 |   174 |    29 ||   289
       Pseudopods        |       |       |       |       |       |   107 |       ||   107
 Cast: Beastly Appendage |     7 |     2 |     1 |     2 |     1 |       |       ||    13
       Sticks to Snakes  |     3 |    11 |    35 |    30 |     3 |     9 |    11 ||   102
       Blade Hands       |       |       |       |    67 |   111 |   109 |    18 ||   305
       Olgreb's Toxic Ra |       |       |       |       |    17 |    82 |       ||    99
       Regeneration      |       |       |       |       |     2 |    49 |     8 ||    59
       Spider Form       |       |       |       |       |       |     2 |       ||     2
       Summon Mana Viper |       |       |       |       |       |    18 |     9 ||    27
       Irradiate         |       |       |       |       |       |    10 |       ||    10
Invok: Lesser Healing    |       |       |    20 |    26 |     6 |       |       ||    52
       Heal Other        |       |       |     1 |     4 |    15 |       |       ||    20
       Purification      |       |       |       |     1 |     2 |       |       ||     3
       Greater Healing   |       |       |       |     4 |     5 |       |       ||     9
       Divine Vigour     |       |       |       |     2 |       |       |       ||     2
       Slimify           |       |       |       |       |     5 |    24 |     5 ||    34
       Request Jelly     |       |       |       |       |       |     5 |       ||     5
 Abil: Breathe Lightning |       |       |    22 |     7 |     1 |     1 |       ||    31
       End Transformatio |       |       |       |     1 |     1 |     5 |     2 ||     9
       Fly               |       |       |       |       |     1 |       |       ||     1
Evoke: Wand              |       |       |       |     2 |     3 |       |       ||     5
       Phantom mirror    |       |       |       |       |     1 |       |       ||     1
  Use: Potion            |     1 |     1 |     2 |     2 |     6 |    14 |     4 ||    30
       Scroll            |       |     8 |     5 |    14 |     3 |    12 |     3 ||    45
 Stab: Sleeping          |     1 |       |     1 |     6 |     1 |       |       ||     9
       Invisible         |     1 |       |       |       |       |       |       ||     1
       Distracted        |       |       |     1 |     5 |       |     3 |     3 ||    12
       Confused          |       |       |       |       |     4 |    51 |    16 ||    71
       Held in net/web   |       |       |       |       |       |     1 |       ||     1
  Eat: Chunk             |     4 |     6 |    17 |    37 |    28 |     3 |       ||    95
       Ration            |       |     1 |     4 |    13 |     4 |     1 |       ||    23
Armor: Skin              |    28 |    25 |   120 |   246 |   356 |   302 |    49 ||  1126
Dodge: Dodged            |    69 |    76 |   319 |   672 |  1270 |  1428 |   274 ||  4108
       Deflected         |       |       |       |       |    19 |    59 |    24 ||   102
